 Dungeon Crawl Stone Soup version 0.31-a0-237-g2d982f9f85 (webtiles) character file.

Game seed: 6771915101943983624

79 qw the Shooter (level 4, -4/36 HPs)
             Began as a Minotaur Hexslinger on July 10, 2023.
             Slain by a gnoll
             ... wielding a +0 whip
              (6 damage)
             ... on level 2 of the Dungeon.
             The game lasted 00:00:33 (1443 turns).

qw the Shooter (Minotaur Hexslinger)                Turns: 1443, Time: 00:00:33

Health: -4/36      AC:  2    Str: 12    XL:     4   Next: 17%
Magic:  0/4        EV: 12    Int: 10    God:
Gold:   141        SH:  0    Dex: 15    Spells: 4/5 levels left

rFire   . . .        Y - +1 sling
rCold   . . .        (no shield)
rNeg    . . .        c - +0 robe
rPois   .            (helmet restricted)
rElec   .            (no cloak)
rCorr   .            (no gloves)
SInv    .            (no boots)
Will    .....        (no amulet)
Stlth   +            (no ring)
HPRegen 0.26/turn    (no ring)
MPRegen 0.09/turn

%: no passive effects
@: no status effects
A: horns 2, retaliatory headbutt
a: no special abilities


You were on level 2 of the Dungeon.
You visited 1 branch of the dungeon, and saw 2 of its levels.

You collected 141 gold pieces.


Innate Abilities, Weirdness & Mutations

You have a pair of horns on your head.
You reflexively headbutt those who attack you in melee.


   Skills:
 - Level 2.0 Fighting
 + Level 4.7 Ranged Weapons
 - Level 2.1 Dodging
 - Level 1.0 Spellcasting
 - Level 2.0 Hexes


You had 4 spell levels left.
You knew the following spells:

 Your Spells              Type           Power      Damage    Failure   Level
a - Slow                  Hex            16%        N/A       16%         1

Your spell library contained the following spells:

 Spells                   Type           Power      Damage    Failure   Level
 Inner Flame              Hex/Fire       2%         N/A       56%         3
 Portal Projectile        Hex/Tloc       4%         N/A       56%         3
 Cause Fear               Hex            2%         N/A       83%         4

Inventory:

Hand Weapons
 Y - a +1 sling (weapon)
Armour
 c - a +0 robe (worn)
 f - a +0 pair of boots
 m - a +0 ring mail
Jewellery
 k - an amulet of the acrobat
Scrolls
 a - a scroll of enchant armour {unknown}
 g - a scroll of teleportation
 j - a scroll of fear {unknown}
Potions
 b - 2 potions of haste {unknown}
 d - a potion of curing {unknown}
 e - a potion of might {unknown}
 h - a potion of degeneration {unknown}
 i - a potion of attraction {unknown}
 l - a potion of magic {unknown}

Dungeon Overview and Level Annotations

Branches:
Dungeon (2/15)

Altars:
Makhleb

Shops:
D:1 *


Message History

You shoot a sling bullet. The gnoll shouts!
The sling bullet hits the gnoll.
The gnoll is lightly wounded.
A gnoll comes into view. It is wielding a +0 whip.
You shoot a sling bullet. The gnoll shouts!
The sling bullet hits the gnoll.
The gnoll is moderately wounded.
You shoot a sling bullet. The sling bullet hits the gnoll.
The gnoll is almost dead.
You shoot a sling bullet.
The sling bullet closely misses the gnoll.
The sling bullet hits the gnoll!
The gnoll is severely wounded.
You shoot a sling bullet.
The sling bullet hits the gnoll but does no damage.
The gnoll is almost dead.
The gnoll throws a throwing net.
The throwing net misses you.
You shoot a sling bullet.
The sling bullet closely misses the gnoll.
The sling bullet hits the gnoll.
The gnoll is heavily wounded.
You shoot a sling bullet.
The sling bullet closely misses the gnoll.
The sling bullet hits the gnoll but does no damage.
The gnoll is heavily wounded.
The gnoll hits you from afar with a +0 halberd!
You shoot a sling bullet.
The sling bullet barely misses the gnoll.
The gnoll hits you from afar with a +0 halberd.
The gnoll hits you with a +0 antimagic whip!
You feel your power leaking away.
You shoot a sling bullet.
The sling bullet hits the gnoll but does no damage.
The gnoll is severely wounded.
The gnoll hits you from afar with a +0 halberd!
The gnoll hits you with a +0 antimagic whip.
The gnoll hits you with a +0 whip.
You die...

.##.######## .##.###
... .##... .. .##.##
#. ....# #.#####
....# #.....# ....#
#.g...# ....#
#.gg..# ....#
#..@..#
....#.########.....#
....#........#.....#
....########.#.....#
..................(#
......%............#
...................#
...................#
....####...#########


You could see 3 gnolls.

Vanquished Creatures
  3 adders (D:2)
  5 dart slugs
  3 endoplasms
  5 goblins
  4 hobgoblins
  4 jackals (D:2)
  A quokka (D:1)
  5 ball pythons
  4 bats (D:1)
  A frilled lizard (D:1)
  4 kobolds
  2 rats
41 creatures vanquished.

Notes
Turn   | Place    | Note
-------+----------+-------------------------------------------
     0 | D:1      | qw the Minotaur Hexslinger began the quest for the Orb.
     0 | D:1      | Reached XP level 1. HP: 16/16 MP: 1/1
     0 | D:1      | 0 ||| qw: Version: 0.3-a-52-g30416fa
     0 | D:1      | 0 ||| qw: Game counter: 5193
     0 | D:1      | 0 ||| qw: Melee chars always use a shield: true
     0 | D:1      | 0 ||| qw: God list: Okawaru
     0 | D:1      | 0 ||| qw: Allow faded altars: false
     0 | D:1      | 0 ||| qw: Do Orc after clearing Dungeon:15 true
     0 | D:1      | 0 ||| qw: Do second Lair branch before Depths: true
     0 | D:1      | 0 ||| qw: Lair rune preference: random
     0 | D:1      | 0 ||| qw: Goals: Normal
     0 | D:1      | 0 ||| PLANNING D:1-11
   264 | D:1      | Reached skill level 3 in Ranged Weapons
   273 | D:1      | Reached XP level 2. HP: 23/23 MP: 2/2
   482 | D:1      | Found Lasiehih's General Store.
   485 | D:1      | 485 ||| SHOPLISTING +0 robe "Gaxtar" {rPois Will- Str+6}
                  | (223 gold, have 51).
   485 | D:1      | 485 ||| SHOPLISTING potion of cancellation (88 gold, have
                  | 51).
   485 | D:1      | 485 ||| SHOPLISTING potion of enlightenment (55 gold, have
                  | 51).
   485 | D:1      | 485 ||| SHOPLISTING scroll of enchant weapon (82 gold, have
                  | 51).
   543 | D:1      | Found a burning altar of Makhleb.
   903 | D:1      | 903 ||| READING scroll labelled JEAPUT VAISIAR.
   904 | D:1      | 904 ||| READING 2 scrolls labelled GETHRI MAYMEXID.
   908 | D:1      | 908 ||| DROPPING scroll of poison.
   963 | D:2      | Reached XP level 3. HP: 26/29 MP: 3/3
  1149 | D:2      | Reached skill level 4 in Ranged Weapons
  1258 | D:2      | Reached XP level 4. HP: 20/36 MP: 4/4
  1443 | D:2      | HP: 4/36 [gnoll/+0 halberd (13)]
  1443 | D:2      | Slain by a gnoll

Levels and vault maps discovered:
D:1:      sevenhm_arrival_forest_fort_small_6, layout_loops_corners,
          serial_shops, shop
D:2:      layout_basic, minivault_27, minmay_tromino_i4

Skill      XL: |  1  2  3 |
---------------+----------+-----
Ranged Weapons | 3 4 |  4.7
Fighting       | 2 |  2.0
Dodging        | |  2.1
Spellcasting   | |  1.0
Hexes          | |  2.0

Action                     |  1- 3 |  4- 6 || total
---------------------------+-------+-------++-------
   Fire: Sling             |   118 |    20 ||   138
    Use: Scroll            |     2 |       ||     2
 Armour: Robe              |    15 |     1 ||    16
  Dodge: Dodged            |    45 |     4 ||    49

Table legend:
 A = Non-vault XP
 B = Vault XP
 C = Vault XP percentage of total XP
 D = Non-vault monster count
 E = Vault monster count
 F = Vault count percentage of total count
                 A         B        C        D         E       F
            +---------+---------+-------+---------+---------+-------
      Total |     108 |       6 |   5.3 |      37 |       4 |   9.8
            +---------+---------+-------+---------+---------+-------
        D:1 |      34 |       0 |   0.0 |      18 |       0 |   0.0
        D:2 |      74 |       6 |   7.5 |      19 |       4 |  17.4
            +---------+---------+-------+---------+---------+-------
